 Dungeon Crawl Stone Soup version 0.31-a0-237-g2d982f9f85 (webtiles) character file.

Game seed: 6914497517406894366

169 qw the Shooter (level 5, -10/45 HPs)
             Began as a Minotaur Hexslinger on July 11, 2023.
             Killed by nerve-wracking pain
             ... invoked by an orc priest
              (13 damage)
             ... on level 3 of the Dungeon.
             The game lasted 00:00:53 (1918 turns).

qw the Shooter (Minotaur Hexslinger)                Turns: 1918, Time: 00:00:54

Health: -10/45     AC:  3    Str: 19    XL:     5   Next: 25%
Magic:  5/5        EV: 12    Int: 10    God:
Gold:   97         SH:  0    Dex: 14    Spells: 5/6 levels left

rFire   . . .        Y - +1 sling
rCold   . . .        (no shield)
rNeg    . . .        i - +0 leather armour
rPois   .            (helmet restricted)
rElec   .            (no cloak)
rCorr   .            (no gloves)
SInv    .            (no boots)
Will    .....        (no amulet)
Stlth   +            h - +6 ring of strength
HPRegen 0.27/turn    (no ring)
MPRegen 0.09/turn

%: no passive effects
@: no status effects
A: horns 2, retaliatory headbutt
a: no special abilities


You were on level 3 of the Dungeon.
You visited 1 branch of the dungeon, and saw 3 of its levels.

You collected 97 gold pieces.


Innate Abilities, Weirdness & Mutations

You have a pair of horns on your head.
You reflexively headbutt those who attack you in melee.


   Skills:
 - Level 3.1 Fighting
 + Level 5.4 Ranged Weapons
 - Level 2.1 Dodging
 - Level 1.0 Spellcasting
 - Level 2.0 Hexes


You had 5 spell levels left.
You knew the following spells:

 Your Spells              Type           Power      Damage    Failure   Level
a - Slow                  Hex            16%        N/A       19%         1

Your spell library contained the following spells:

 Spells                   Type           Power      Damage    Failure   Level
 Inner Flame              Hex/Fire       2%         N/A       63%         3
 Portal Projectile        Hex/Tloc       4%         N/A       63%         3
 Cause Fear               Hex            2%         N/A       87%         4

Inventory:

Hand Weapons
 Y - a +1 sling (weapon)
Armour
 a - a +0 ring mail
 d - a +0 pair of gloves
 i - a +0 leather armour (worn)
Jewellery
 h - a +6 ring of strength (left hand)
Potions
 b - a potion of heal wounds {unknown}
 c - a potion of mutation {unknown}
 e - a potion of lignification {unknown}
 f - a potion of might {unknown}
 g - a potion of resistance {unknown}

Dungeon Overview and Level Annotations

Branches:
Dungeon (3/15)

Altars:
Sif Muna


Message History

You shoot a sling bullet. The sling bullet hits the orc.
You kill the orc!
The orc hits you from afar with a +0 trident.
The orc priest looks braver for a moment.
You shoot a sling bullet.
The sling bullet closely misses the orc priest.
The orc hits you from afar with a +0 trident.
You shoot a sling bullet. The sling bullet hits the orc priest.
The orc priest is lightly wounded.
The orc hits you from afar with a +0 trident.
The orc priest closely misses you.
You shoot a sling bullet.
The sling bullet closely misses the orc priest.
The orc priest hits you with a +0 short sword.
The orc closely misses you.
You shoot a sling bullet.
The sling bullet closely misses the orc priest.
The orc completely misses you.
The orc priest hits you with a +0 short sword.
You shoot a sling bullet. The sling bullet hits the orc priest.
The orc priest is moderately wounded.
The orc barely misses you.
The orc priest hits you with a +0 short sword.
You shoot a sling bullet.
The sling bullet hits the orc priest but does no damage.
The orc priest is moderately wounded.
The orc priest closely misses you. You furiously retaliate!
You headbutt the orc priest. The orc barely misses you.
The orc priest closely misses you. You furiously retaliate!
You headbutt the orc priest, but do no damage.
The orc hits you from afar with a +0 trident.
You shoot a sling bullet. The sling bullet hits the orc priest.
The orc priest is almost dead.
The orc barely misses you.
The orc priest hits you with a +0 short sword.
You shoot a sling bullet.
The sling bullet barely misses the orc priest.
The orc priest invokes the aid of Beogh against you.
Pain shoots through your body!
You die...

........#~.#.#.~#......
###.###.#~..#¤¤¤#######
.###.. #.#~¤~~¤~~#
......##.############# #
.......#.#####.......# #
.......#.....#.......# #
.....o.#.###.#....... #
....%..).%...#....... #
#.....o@.......(.# ###
#.......)........# #..
######...........#####.#
#...........#......
#...........#......
#...........'......
#...........#......
#^.........%#####..
#.......>..........


You could see an orc priest and an orc.

Vanquished Creatures
  A howler monkey (D:3)
  3 adders
  2 worms (D:3)
  3 dart slugs (D:1)
  3 orcs (D:3)
  6 endoplasms
  14 giant cockroaches
  5 goblins
  3 hobgoblins
  9 jackals
  9 kobolds
  2 quokkas
  7 ball pythons
  3 bats
  6 frilled lizards
  5 rats
81 creatures vanquished.

Notes
Turn   | Place    | Note
-------+----------+-------------------------------------------
     0 | D:1      | qw the Minotaur Hexslinger began the quest for the Orb.
     0 | D:1      | Reached XP level 1. HP: 16/16 MP: 1/1
     0 | D:1      | 0 ||| qw: Version: 0.3-a-52-g30416fa
     0 | D:1      | 0 ||| qw: Game counter: 5785
     0 | D:1      | 0 ||| qw: Melee chars always use a shield: true
     0 | D:1      | 0 ||| qw: God list: Okawaru
     0 | D:1      | 0 ||| qw: Allow faded altars: false
     0 | D:1      | 0 ||| qw: Do Orc after clearing Dungeon:15 true
     0 | D:1      | 0 ||| qw: Do second Lair branch before Depths: true
     0 | D:1      | 0 ||| qw: Lair rune preference: random
     0 | D:1      | 0 ||| qw: Goals: Normal
     0 | D:1      | 0 ||| PLANNING D:1-11
    80 | D:1      | Reached skill level 3 in Ranged Weapons
    80 | D:1      | Reached XP level 2. HP: 14/23 MP: 2/2
   357 | D:1      | Reached XP level 3. HP: 23/29 MP: 3/3
   629 | D:1      | 629 ||| UPGRADING to +0 leather armour.
   639 | D:1      | 639 ||| DROPPING +0 robe.
   640 | D:1      | 640 ||| UPGRADING to +6 ring of strength.
   641 | D:1      | 641 ||| READING scroll labelled YTU DUIGOR.
   642 | D:1      | 642 ||| DROPPING scroll of poison.
   719 | D:2      | Identified the +3 dagger "Cumpid" {chaos, rPois Int+2}
   761 | D:2      | Reached skill level 4 in Ranged Weapons
   917 | D:2      | Reached XP level 4. HP: 35/36 MP: 4/4
  1384 | D:2      | 1384 ||| READING 2 scrolls labelled XAEPSAW HIHE.
  1447 | D:2      | 1447 ||| READING scroll labelled XOVA COCSO.
  1451 | D:2      | 1451 ||| READING scroll labelled JILIVVI REICS.
  1452 | D:2      | 1452 ||| DROPPING scroll of torment.
  1514 | D:3      | Found a shimmering blue altar of Sif Muna.
  1559 | D:3      | Reached skill level 5 in Ranged Weapons
  1561 | D:3      | Reached skill level 3 in Fighting
  1563 | D:3      | Reached XP level 5. HP: 28/45 MP: 5/5
  1914 | D:3      | HP: 11/45 [orc priest/+0 short sword (4)]
  1917 | D:3      | HP: 2/45 [orc priest/+0 short sword (5)]
  1918 | D:3      | Killed from afar by an orc priest

Levels and vault maps discovered:
D:1:      saegor_arrival_simple_a, layout_basic, minmay_tetromino_l2
D:2:      minmay_roachtagon, layout_basic, serial_glass, glass_columns_c,
          glass_columns_b
D:3:      kennysheep_goblin_castle, layout_basic,
          mainiacjoe_overflow_surrounded_room, kennysheep_generic_room_10

Skill      XL: |  1  2  3  4 |
---------------+-------------+-----
Ranged Weapons | 3 4 5 |  5.4
Fighting       | 2 3 |  3.1
Dodging        | |  2.1
Spellcasting   | |  1.0
Hexes          | |  2.0

Action                     |  1- 3 |  4- 6 || total
---------------------------+-------+-------++-------
   Fire: Sling             |   100 |   123 ||   223
    Use: Scroll            |     1 |     3 ||     4
 Armour: Robe              |     3 |       ||     3
         Leather armour    |     6 |    11 ||    17
  Dodge: Dodged            |    21 |    59 ||    80

Table legend:
 A = Non-vault XP
 B = Vault XP
 C = Vault XP percentage of total XP
 D = Non-vault monster count
 E = Vault monster count
 F = Vault count percentage of total count
                 A         B        C        D         E       F
            +---------+---------+-------+---------+---------+-------
      Total |     215 |      27 |  11.2 |      68 |      13 |  16.0
            +---------+---------+-------+---------+---------+-------
        D:1 |      42 |       6 |  12.5 |      23 |       2 |   8.0
        D:2 |      63 |      20 |  24.1 |      24 |      10 |  29.4
        D:3 |     110 |       1 |   0.9 |      21 |       1 |   4.5
            +---------+---------+-------+---------+---------+-------
